 Dungeon Crawl Stone Soup version 0.21-a0-442-g848f44b (webtiles) character file.

115 slep the Slasher (level 5, -2/40 HPs)
             Began as a Barachi Gladiator on Nov 15, 2017.
             Slain by Grinder (9 damage)
             ... on level 2 of the Dungeon.
             The game lasted 00:07:27 (1509 turns).

slep the Slasher (Barachi Gladiator)                Turns: 1509, Time: 00:07:28

Health: -2/40      AC:  4    Str: 15    XL:     5   Next: 0%
Magic:  5/5        EV: 14    Int:  8    God:
Gold:   110        SH:  0    Dex: 15    Spells: 4/4 levels left

rFire    . . .     SeeInvis .   a - +0 long sword
rCold    . . .     Gourm    +   (no shield)
rNeg     . . .     Faith    .   b - +0 leather armour
rPois    .         Spirit   .   c - +0 helmet
rElec    .         Reflect  .   (no cloak)
rCorr    .         Harm     .   (no gloves)
MR       .....                  (no boots)
Stlth    +.........             p - amulet of the gourmand
HPRegen  0.13/turn              m - ring of wizardry
MPRegen  0.09/turn              (no ring)

@: slow
A: +LOS, swims, slowness 1, strong legs 1
a: Hop


You were on level 2 of the Dungeon.
You were very full.

You visited 1 branch of the dungeon, and saw 3 of its levels.

You collected 110 gold pieces.

Inventory:

Hand Weapons
 a - a +0 long sword (weapon)
Missiles
 d - 2 throwing nets (quivered)
Armour
 b - a +0 leather armour (worn)
 c - a +0 helmet (worn)
Jewellery
 m - a ring of wizardry (left hand)
 p - an amulet of the gourmand (around neck)
Wands
 n - a wand of paralysis (5/24)
Scrolls
 e - 2 scrolls of identify {unknown}
 g - 2 scrolls of teleportation {unknown}
 h - 2 scrolls of remove curse {unknown}
 l - a scroll of enchant armour {unknown}
Potions
 i - 4 potions of curing
 k - a potion of mutation {unknown}
 o - 2 potions of flight {unknown}
Comestibles
 f - a bread ration


   Skills:
 + Level 2.8 Fighting
 + Level 5.4 Long Blades
 + Level 2.2 Throwing
 + Level 1.4 Armour
 + Level 4.0 Dodging
 + Level 0.1 Stealth


You had 4 spell levels left.
You didn't know any spells.

Dungeon Overview and Level Annotations

Branches:
Dungeon (3/15)

Altars:

Annotations:
D:2 Grinder


Innate Abilities, Weirdness & Mutations

Shadows flee at your approach. (+LOS)
You can swim through water.
You cover ground slowly.
You can hop short distances.


Message History

Grinder hits you!
* * * LOW HITPOINT WARNING * * *
Grinder gestures at you. Pain shoots through your body!
* * * LOW HITPOINT WARNING * * *
You can move again.
You hit Grinder.
Grinder is heavily wounded.
Grinder gestures at you.
You barely resist. You slash Grinder!
Grinder is severely wounded.
Grinder gestures at you.
You shrug off the repeated paralysis!
Grinder gestures at you.
You barely resist. You hit Grinder.
Grinder is almost dead.
Grinder hits you!
You die...

# ###.### ##....##...## #.##.##
## #<..## ##.......#.# #....## .#
###..####......#.#.######...(
.#######........####......##.....
.....###...###### ##.###....#.##
####.........# #..###......#
#####.###.#### ##..##.##...#
#.###....#######.#..##.#..
#....###.@5>.......###.##. ###..#
######......# #.### ### #.##
#.#....###.# ..########.#
#.###......#
#.......##.#########.######...#
#######................(.....####
####.########..#####.....##
##########.########.####.........
#........................#..##.>#


You could see Grinder.

Vanquished Creatures
  An orc wizard (D:3)
  4 adders
  An ooze (D:3)
  2 worms
  3 dart slugs
  2 orcs (D:3)
  3 bats
  3 hobgoblins
  3 jackals (D:1)
  5 kobolds
  2 quokkas (D:2)
  A frilled lizard (D:2)
  2 goblins
  4 rats (D:1)
36 creatures vanquished.

Vanquished Creatures (others)
  5 toadstools (D:1)
5 creatures vanquished.

Grand Total: 41 creatures vanquished

Notes
Turn   | Place    | Note
-------+----------+-------------------------------------------
     0 | D:1      | slep the Barachi Gladiator began the quest for the Orb.
     0 | D:1      | Reached XP level 1. HP: 17/17 MP: 1/1
   167 | D:2      | Reached skill level 4 in Long Blades
   167 | D:2      | Reached XP level 2. HP: 18/23 MP: 2/2
   282 | D:2      | Reached XP level 3. HP: 18/28 MP: 3/3
   713 | D:3      | Noticed Grinder
   870 | D:1      | Reached XP level 4. HP: 25/34 MP: 4/4
  1056 | D:1      | Reached skill level 5 in Long Blades
  1415 | D:3      | Reached skill level 1 in Armour
  1456 | D:3      | Reached XP level 5. HP: 15/40 MP: 5/5
  1481 | D:3      | Paralysed by Grinder for 6 turns
  1500 | D:2      | Paralysed by Grinder for 7 turns
  1509 | D:2      | Slain by Grinder

Vault maps used:
D:1:      ldierk_walled_garden
D:3:      lemuel_old_faithful, uniq_grinder

Skill      XL: |  1  2  3  4 |
---------------+-------------+-----
Long Blades    | 4 5 |  5.4
Armour         | 1 |  1.4
Dodging        | 4 |  4.0
Fighting       | |  2.8
Throwing       | |  2.2
Stealth        | |  0.1

Action                   |  1- 3 |  4- 6 || total
-------------------------+-------+-------++-------
Melee: Long sword        |    56 |    45 ||   101
Throw: Throwing net      |       |     2 ||     2
  Use: Potion            |       |     1 ||     1
  Eat: Chunk             |     1 |    10 ||    11
Armor: Leather armour    |    10 |    11 ||    21
Dodge: Dodged            |    36 |    36 ||    72
       Rpst.: Long sword |     9 |    10 ||    19

Table legend:
 A = Spawn XP
 B = Non-spawn XP
 C = Spawn XP percentage of total XP
 D = Spawn monster count
 E = Non-spawn monster count
 F = Spawn count percentage of total count
 G = Total turns spent on level
                    A         B        C        D         E        F      G
               +---------+---------+-------+---------+---------+-------+---------
         Total |       0 |     165 |   0.0 |       0 |      36 |   0.0 |  1509
               +---------+---------+-------+---------+---------+-------+---------
           D:1 |       0 |      24 |   0.0 |       0 |      14 |   0.0 |   660
           D:2 |       0 |      45 |   0.0 |       0 |       9 |   0.0 |   565
           D:3 |       0 |      96 |   0.0 |       0 |      13 |   0.0 |   284
               +---------+---------+-------+---------+---------+-------+---------
